Map: Submarine LE

Players

大肉木奉

  • Race: Zerg Zerg
  • League: Platinum
  • Spawn Location: 5:00

FLORENCIO - Winner!

  • Race: Terran Terran
  • League: Platinum
  • Spawn Location: 11:00

VOD

Have the link to the VOD?

Description

Time

  • Played on: March 1, 2021, 11:30 p.m.
  • Length: 21:05
Show
View Real Time Build Order
Export as new Build Order

大肉木奉 Zerg 

Build Orders: Hatch First 

Get SALT Encoding   

  12  0:00  Drone  
  13  0:11  Drone  
  14  0:16  Overlord  
  14  0:35  Drone x2  
  16  0:49  Hatchery  
  15  0:52  Drone  
  16  1:08  Spawning Pool  
  15  1:11  Extractor  
  15  1:12  Drone  
  15  1:16  Drone  
  16  1:20  Drone  
  17  1:25  Drone  
  18  1:38  Drone  
  19  1:50  Drone  
  20  1:55  Queen  
  23  2:01  Drone  
  23  2:03  Queen  
  23  2:04  Zergling x2  
  26  2:11  Drone  
  27  2:17  Metabolic Boost  
  27  2:20  Drone  
  28  2:26  Overlord  
  28  2:37  Roach Warren  
  28  2:38  Drone  
  28  2:49  Queen  
  30  2:53  Drone x3  
  33  3:07  Drone x3  
  33  3:09  Spore Crawler  
  33  3:24  Zergling x6  
  31  3:30  Zergling x6  
  21  3:41  Zergling x2  
  17  3:42  Roach  
  17  3:52  Drone  
  18  4:09  Drone  
  17  4:25  Drone  
  18  4:34  Roach  
  20  4:57  Spine Crawler  
  19  5:06  Drone  
  20  5:16  Drone  
  21  5:30  Drone  
  22  5:40  Drone x2  
  25  5:50  Drone  
  25  5:54  Drone  
  26  6:01  Drone  
  27  6:13  Drone x2  
  27  6:15  Drone  
  30  6:26  Queen  
  32  6:39  Drone x3  
  35  6:43  Overlord  
  35  7:03  Evolution Chamber  
  35  7:05  Roach  
  35  7:06  Roach x2  
  40  7:13  Roach  
  40  7:15  Overlord  
  42  7:19  Drone  
  41  7:38  Roach  
  41  7:44  Extractor  
  41  7:45  Drone x7  
  41  7:46  Extractor  
  47  8:14  Roach  
  49  8:32  Hatchery  
  48  8:36  Overlord, Drone x4  
  52  8:49  Extractor  
  52  8:52  Overlord  
  51  9:05  Drone x2  
  51  9:06  Drone  
  51  9:07  Drone x6  
  51  9:09  Overlord  
  60  9:15  Spore Crawler, Drone x2  
  61  9:19  Lair  
  65  9:24  Roach x2  
  65  9:33  Roach x3  
  65  9:35  Overlord  
  71  9:44  Queen  
  73  9:48  Drone  
  74  10:02  Drone  
  74  10:03  Drone x2  
  77  10:16  Drone x2  
  77  10:19  Zerg Ground Armor Level 1  
  79  10:21  Roach x2  
  79  10:22  Roach x3  
  79  10:23  Overlord  
  89  10:37  Overlord  
  89  10:41  Queen, Glial Reconstitution  
  91  10:47  Overseer  
  91  10:49  Overseer  
  91  10:52  Queen  
  91  10:53  Drone x4  
  91  10:54  Drone  
  98  10:59  Drone x3  
  98  11:00  Overlord  
  101  11:24  Drone x2  
  101  11:25  Drone x2  
  105  11:27  Overlord x2  
  105  11:30  Queen  
  106  11:47  Roach  
  106  11:48  Roach x4  
  118  11:54  Roach x6  
  118  12:01  Hydralisk Den  
  127  12:06  Spire  
  126  12:14  Roach, Evolution Chamber  
  126  12:15  Roach  
  129  12:16  Zerg Ground Armor Level 2  
  127  12:42  Ravager  
  124  12:45  Extractor, Drone x2  
  124  12:46  Drone  
  124  12:47  Extractor  
  125  13:01  Hatchery  
  125  13:05  Overlord x3  
  124  13:07  Roach x3  
  124  13:09  Zerg Missile Weapons Level 1  
  130  14:09  Drone x3  
  133  14:10  Drone  
  134  14:21  Zerg Flyer Weapons Level 1  
  134  14:24  Grooved Spines  
  134  14:34  Hatchery  
  134  14:36  Drone x3  
  135  15:12  Mutalisk x14  
  135  15:13  Mutalisk x3  
  151  15:18  Overlord x3  
  128  15:31  Spore Crawler  
  97  15:55  Drone x6  
  97  15:56  Muscular Augments  
  87  16:16  Overlord  
  87  16:21  Zergling x2  
  87  16:22  Zergling x36  
  106  16:41  Queen  
  106  16:42  Drone x2  
  106  16:43  Drone  
  106  16:44  Hatchery  
  110  16:53  Hatchery  
  98  17:08  Drone x8  
  98  17:16  Ravager x4  
  98  17:17  Ravager x3  
  96  17:34  Spore Crawler  
  67  18:01  Mutalisk  
  67  18:02  Roach x8  
  67  18:03  Roach x3  
  67  18:05  Roach x3  
  89  18:30  Ravager x5  
  89  18:31  Ravager  
  95  18:35  Drone  
  95  18:36  Drone x2, Queen  
  95  18:40  Overseer  
  97  19:08  Roach x3  
  103  19:21  Roach x2  
Show
View Real Time Build Order
Export as new Build Order

FLORENCIO Terran - Winner!

Build Orders: Gas First Reaper Expand 

Get SALT Encoding   

  12  0:01  SCV  
  13  0:13  SCV  
  14  0:24  Supply Depot  
  14  0:25  SCV  
  15  0:28  Refinery  
  15  0:46  SCV  
  15  0:49  Barracks  
  16  0:57  Supply Depot  
  16  1:02  SCV  
  17  1:16  Barracks  
  17  1:27  Barracks  
  17  1:32  SCV  
  18  1:39  Reaper  
  19  1:44  SCV  
  20  1:59  Orbital Command  
  20  2:03  Reaper  
  21  2:11  Reaper  
  21  2:14  Reaper  
  23  2:32  Refinery  
  23  2:48  SCV  
  24  3:00  SCV  
  26  3:09  Reaper x2  
  27  3:13  SCV  
  28  3:25  SCV  
  26  3:33  Reaper  
  22  3:37  SCV  
  16  3:41  Reaper  
  14  3:49  Reaper, SCV  
  15  3:59  Supply Depot  
  15  4:01  SCV  
  16  4:13  SCV  
  17  4:25  SCV  
  18  4:37  SCV  
  19  4:44  Refinery  
  19  4:49  SCV  
  20  4:54  Command Center  
  20  5:05  Factory  
  20  5:06  SCV  
  21  5:18  SCV  
  22  5:29  Reaper x3  
  25  5:39  SCV  
  26  5:51  Hellion, Engineering Bay  
  28  6:10  SCV  
  29  6:12  Hellion  
  31  6:24  Planetary Fortress  
  31  6:35  SCV  
  32  6:41  Hellion  
  34  6:47  SCV  
  35  6:59  SCV  
  36  7:05  SCV  
  37  7:11  SCV  
  38  7:17  SCV  
  39  7:23  SCV  
  39  7:29  SCV  
  41  7:35  SCV  
  41  7:41  SCV  
  42  7:48  SCV  
  43  7:53  SCV  
  44  8:00  SCV  
  45  8:05  Refinery  
  45  8:06  SCV  
  45  8:08  Command Center  
  45  8:09  Refinery  
  46  8:18  Factory Tech Lab  
  46  8:27  Supply Depot x2  
  46  8:30  Supply Depot  
  48  8:48  SCV x2  
  48  8:54  Missile Turret  
  48  9:00  SCV x2  
  50  9:12  SCV x2  
  52  9:24  SCV x2  
  52  9:25  Missile Turret  
  54  9:33  Marine  
  54  9:34  Marine x2  
  54  9:37  SCV x2  
  59  9:49  SCV x2  
  59  9:51  Marine  
  59  9:52  Marine x2  
  64  10:01  SCV x2  
  64  10:03  Planetary Fortress  
  66  10:09  Marine x3  
  66  10:13  Starport, SCV x2  
  71  10:17  Starport x2  
  71  10:21  Starport  
  71  10:22  Starport  
  71  10:23  Supply Depot  
  71  10:24  Supply Depot, Starport  
  71  10:25  SCV x2  
  71  10:27  Marine x3  
  76  10:40  SCV x3  
  79  10:45  Marine x2  
  81  10:52  SCV x3  
  84  11:04  Command Center, SCV x3  
  87  11:14  Starport Tech Lab x6  
  87  11:16  SCV  
  88  11:18  Refinery  
  88  11:21  Refinery  
  88  11:26  Missile Turret  
  88  11:27  Missile Turret  
  88  11:28  SCV  
  88  11:30  Missile Turret  
  89  11:35  Missile Turret  
  89  11:38  SCV x2  
  91  11:40  SCV  
  92  11:50  SCV x2  
  92  11:52  SCV  
  95  11:57  Raven x3  
  101  12:02  Corvid Reactor  
  101  12:15  Raven x3, SCV x2  
  101  12:16  Missile Turret x2  
  109  12:28  SCV  
  108  12:40  Reaper x2, Raven, SCV  
  108  12:41  Reaper  
  108  12:45  Raven x2  
  108  12:49  Widow Mine  
  114  12:52  SCV  
  114  12:53  SCV  
  114  12:54  Command Center  
  114  12:57  Planetary Fortress  
  116  13:09  Missile Turret  
  116  13:11  Missile Turret  
  116  13:25  Supply Depot  
  116  13:26  Supply Depot  
  116  13:29  Supply Depot  
  116  13:32  Supply Depot  
  116  13:35  Supply Depot  
  116  13:36  Supply Depot  
  116  13:44  Raven  
  116  13:45  SCV  
  116  13:46  Reaper, Raven x3, SCV, Widow Mine  
  116  13:47  Raven x2, SCV  
  120  13:57  SCV  
  121  14:08  Widow Mine  
  123  14:17  Armory  
  123  14:26  Factory  
  123  14:27  Raven, Factory  
  123  14:28  Factory, Refinery  
  123  14:29  Raven  
  127  14:36  Refinery  
  126  14:45  Raven x2  
  120  15:22  Raven x2  
  120  15:23  Raven  
  114  16:19  Missile Turret x2  
  114  16:20  Raven x4, Missile Turret  
  130  16:27  Hellion  
  130  16:28  Hellion x3  
  130  16:31  Infernal Pre-Igniter  
  130  16:49  Hellion x4  
  137  17:10  Hellion x4, Raven x3  
  150  17:31  Hellion  
  150  17:32  Hellion x3  
  154  17:49  Raven x3  
  160  17:53  Hellion x4  
  168  18:08  Raven x2  
  168  18:11  Command Center  
  172  18:14  Hellion  
  172  18:15  Hellion x2  
  164  18:56  Raven  
  164  18:57  Raven  
  148  19:11  Widow Mine x4  
  148  19:14  Drilling Claws  
  148  19:25  SCV  
  148  19:32  Widow Mine x4  
  136  19:53  Widow Mine  
  136  19:54  Widow Mine x3  
Tags
 
Add a new tag
Caveats
  • Supply blocks, unpowered buildings, or Contaminate may cause inaccurate times.
  • Supply counts are checked every 10 seconds.